 Dungeon Crawl Stone Soup version 0.21-a0-78-g82a99e0 (webtiles) character file.

11445 Kidiri the Insei (level 11, -28/71 HPs)
             Began as a Demonspawn Transmuter on June 21, 2017.
             Was a Believer of Wu Jian.
             Hit by a javelin thrown by Urug (29 damage)
             ... on level 11 of the Dungeon.
             The game lasted 00:46:41 (12487 turns).

Kidiri the Insei (Demonspawn Transmuter)           Turns: 12487, Time: 00:46:41

Health: -28/71     AC:  9    Str: 14    XL:     11   Next: 49%
Magic:  0/22       EV: 15    Int: 15    God:    Wu Jian [**....]
Gold:   619        SH:  0    Dex: 16    Spells: 10/25 levels left

rFire    + + .     SeeInvis .     - Unarmed
rCold    + + .     Gourm    .   (shield currently unavailable)
rNeg     . . .     Faith    .   H - +2 robe {rF+}
rPois    .         Spirit   +   (helmet restricted)
rElec    .         Reflect  .   y - scarf {rC+ rF+}
rCorr    .         Harm     .   (gloves currently unavailable)
MR       +....                  j - +1 pair of boots
Stlth    ++........             x - amulet of magic regeneration
HPRegen  0.21/turn              B - +2 ring of evasion
MPRegen  0.61/turn              f - +3 ring of intelligence

@: blade hands (expiring), hasted, heavily drained, very quick
A: antennae 1, talons 1, thin metallic scales 2, agile 1, cold resistance 1,
dopey 1, frail 1, magic resistance 1, mutation resistance 1, screaming 1, magic
shield, magic regeneration
a: End Transformation, Renounce Religion


You were on level 11 of the Dungeon.
You worshipped Wu Jian.
Wu Jian was pleased with you.
You were not hungry.
You had blades for hands.
You visited 2 branches of the dungeon, and saw 12 of its levels.

You collected 619 gold pieces.

Inventory:

Missiles
 a - 170 arrows
Armour
 i - +0 ice dragon scales
 j - a +1 pair of boots (worn)
 y - a scarf of resistance (worn)
 H - a +2 robe of fire resistance (worn)
Jewellery
 f - a +3 ring of intelligence (right scythe-like blade)
 k - an uncursed ring of magical power
 q - an uncursed ring of resist corrosion
 x - an amulet of magic regeneration (around neck)
 B - a +2 ring of evasion (left scythe-like blade)
Wands
 o - a wand of acid (8/15)
 s - a wand of random effects (31/48)
 w - a wand of random effects (21/48)
 A - a wand of scattershot (6/9)
 D - a wand of flame (25/48)
 G - a wand of digging (17/24)
Scrolls
 b - a scroll of amnesia
 h - 4 scrolls of teleportation
 l - 2 scrolls of enchant weapon
 m - 2 scrolls of immolation
 v - 6 scrolls of remove curse
 I - 2 scrolls of recharging
Potions
 g - 2 potions of curing
 n - a potion of haste
 r - 2 potions of ambrosia
 t - a potion of cancellation
 z - 2 potions of lignification
 C - a potion of magic
 E - 2 potions of berserk rage {unknown}
Books
 c - a book of Changes

   Spells                             Type                      Level
   a - Beastly Appendage              Transmutation                1
   b - Sticks to Snakes               Transmutation                2
   c - Spider Form                    Transmutation/Poison         3
   d - Ice Form                       Ice/Transmutation            4
   e - Blade Hands                    Transmutation                5
 e - a book of Callings

   Spells                             Type                      Level
   a - Summon Small Mammal            Summoning                    1
   b - Call Imp                       Summoning                    2
   c - Call Canine Familiar           Summoning                    3
   d - Summon Guardian Golem          Hexes/Summoning              3
   e - Summon Lightning Spire         Summoning/Air                4
   f - Summon Ice Beast               Ice/Summoning                4
Comestibles
 d - 8 bread rations
 p - 2 meat rations
 u - 4 chunks of flesh


   Skills:
 + Level 5.0(3.4) Fighting
 + Level 3.7(2.1) Armour
 + Level 4.1(2.5) Dodging
 + Level 4.0(2.5) Stealth
 * Level 7.7(6.0) Unarmed Combat
 * Level 7.7(5.9) Spellcasting
 * Level 7.5(5.8) Transmutations
 + Level 5.5(3.9) Ice Magic
 + Level 5.2(3.6) Poison Magic


You had 10 spell levels left.
You knew the following spells:

 Your Spells              Type           Power        Failure   Level  Hunger
a - Beastly Appendage     Tmut           ###...       17%         1    None
b - Sticks to Snakes      Tmut           ###.....     21%         2    #......
c - Spider Form           Tmut/Pois      ###.......   36%         3    ###....
d - Ice Form              Ice/Tmut       ###.....     63%         4    ####...
e - Blade Hands           Tmut           ###.......   78%         5    ######.


Dungeon Overview and Level Annotations

Branches:
Dungeon (12/15)            Temple (1/1) D:7
   Lair: D:8-11         Orc: D:9-12

Altars:
Ashenzari
Cheibriados
Dithmenos
Elyvilon
Fedhas
Gozag
Hepliaklqana
Kikubaaqudgha
Makhleb
Nemelex Xobeh
Okawaru
Qazlal
Ru
Sif Muna
Trog
Uskayaw
Vehumet
Wu Jian
Xom
Yredelemnul
Zin
The Shining One

Shops:
D:12 %

Annotations:
D:5 exclusion: door
D:11 Urug


Innate Abilities, Weirdness & Mutations

You have sharp toenails.
You are mostly covered in thin metallic scales. (AC +3)
Your flesh is cold resistant. (rC+)
When hurt, damage is shared between your health and your magic reserves.
You regenerate magic rapidly.
You have a pair of small antennae on your head.
You are agile. (Dex +2)
You are dopey. (Int -2)
You are frail. (-10% HP)
You are resistant to hostile enchantments. (MR+)
You are somewhat resistant to further mutation.
You occasionally shout uncontrollably at your foes.


Message History

Unknown command.
You spin and attack Urug.
You slash Urug!
Urug is moderately wounded.
Unknown command.
You spin and attack Urug.
You barely miss Urug.
Urug is moderately wounded.
Urug hits you with an eveningstar of draining!!
You feel drained.
Found a meat ration.
You feel yourself speed up.
Your transformation is almost over.
Urug grins evilly.
Urug hits you with an eveningstar of draining!!
* * * LOW HITPOINT WARNING * * *
You feel drained.
* * * LOW HITPOINT WARNING * * *
Okay, then.
Unknown command.
Urug throws a javelin.
The javelin hits you!!
You die...

### .# ..### .# ##.##%
.## #.....# #..
#####..##..#..#
#.o...(# #....#
#.####.# ##.#.#.#.# #
#.# #..@.....#
###.####[###o.#.#...#
#....>...[....#.# .#
#.....####.......%#
...........##.?.......
#.#.######.###..###..#
# # ####.# #.... ...
..#.# ##....# ## ..#.#
####.#


You could see Urug.

Vanquished Creatures
  Josephine (D:12)
  A two-headed ogre (D:8)
  Nergalle (D:12)
  A deep elf mage (D:12)
  Pikel (D:7)
  A manticore (D:12)
  A cyclops (D:12)
  2 ugly things (D:12)
  Psyche (D:8)
  2 centaur skeletons (D:12)
  An efreet (D:12)
  A shadow (D:12)
  A wyvern (D:12)
  4 wraiths
  3 yaks (D:9)
  Grum (D:11)
  Eustachio (D:4)
  2 hungry ghosts
  Menkaure (D:5)
  2 sky beasts
  An ice beast (D:12)
  4 slaves (D:7)
  3 phantoms
  3 wolves (D:11)
  7 ogres
  4 centaurs
  A crocodile (D:7)
  7 bullfrogs
  3 scorpions
  4 wights (D:12)
  7 howler monkeys
  2 crimson imps
  A quasit (D:11)
  2 bullfrog zombies
  4 hounds
  2 bullfrog skeletons
  2 gnoll shamans
  3 jellies
  Ijyb (D:4)
  3 orc wizards
  7 worker ants
  A hound skeleton (D:4)
  Robin (D:4)
  13 gnolls
  9 adders
  A shadow imp (D:7)
  2 oozes
  An adder zombie (D:5)
  4 adder skeletons
  7 worms
  2 dart slugs
  4 leopard geckos
  21 orcs
  9 giant cockroaches
  15 goblins
  8 hobgoblins
  12 jackals
  4 quokkas
  7 bats
  7 frilled lizards
  A jackal skeleton (D:5)
  A jackal zombie (D:6)
  8 kobolds
  A leopard gecko skeleton (D:4)
  A leopard gecko zombie (D:5)
  2 quokka zombies
  10 rats
252 creatures vanquished.

Vanquished Creatures (collateral kills)
  An ogre (D:6)
  A worker ant (D:5)
  A gnoll (D:6)
  A worm (D:2)
4 creatures vanquished.

Grand Total: 256 creatures vanquished

Notes
Turn   | Place    | Note
-------+----------+-------------------------------------------
     0 | D:1      | Kidiri the Demonspawn Transmuter began the quest for the Orb.
     0 | D:1      | Reached XP level 1. HP: 15/15 MP: 3/3
   374 | D:1      | Gained mutation: You are partially covered in thin metallic scales. (AC +2) [demonic ancestry]
   374 | D:1      | Reached XP level 2. HP: 14/21 MP: 5/5
   397 | D:1      | Learned a level 2 spell: Sticks to Snakes
  1045 | D:2      | Found an iron altar of Okawaru.
  1155 | D:2      | Found a radiant altar of Vehumet.
  1218 | D:2      | Found a stormy altar of Qazlal.
  1221 | D:2      | Found a shadowy altar of Dithmenos.
  1221 | D:2      | Found a bloodstained altar of Trog.
  1221 | D:2      | Found a blossoming altar of Fedhas.
  1292 | D:2      | Reached XP level 3. HP: 24/26 MP: 6/6
  1297 | D:2      | Learned a level 3 spell: Spider Form
  1859 | D:2      | HP: 1/26 [quokka (3)]
  1934 | D:2      | Found a burning altar of Makhleb.
  2297 | D:3      | Gained mutation: You are mostly covered in thin metallic scales. (AC +3) [demonic ancestry]
  2297 | D:3      | Reached XP level 4. HP: 26/32 MP: 8/8
  3227 | D:3      | Found a sacrificial altar of Ru.
  3399 | D:3      | Gained mutation: You have sharp toenails. [demonic ancestry]
  3399 | D:3      | Reached XP level 5. HP: 16/37 MP: 9/9
  3434 | D:3      | HP: 1/37 [poisoned by an adder]
  3678 | D:3      | Reached skill level 1 in Poison Magic
  3888 | D:3      | Learned a level 4 spell: Ice Form
  4298 | D:4      | Noticed Ijyb
  4308 | D:4      | Killed Ijyb
  4319 | D:4      | Noticed Robin
  4371 | D:4      | Killed Robin
  4519 | D:4      | Gained mutation: Your flesh is cold resistant. (rC+) [demonic ancestry]
  4519 | D:4      | Reached XP level 6. HP: 41/43 MP: 11/11
  4580 | D:4      | Noticed Eustachio
  4972 | D:4      | Reached skill level 1 in Ice Magic
  5128 | D:4      | Killed Eustachio
  5128 | D:4      | Gained mutation: When hurt, damage is shared between your health and your magic reserves. [demonic ancestry]
  5128 | D:4      | Reached XP level 7. HP: 32/50 MP: 13/13
  5323 | D:4      | Found a sparkling altar of Nemelex Xobeh.
  5494 | D:5      | Entered Level 5 of the Dungeon
  6077 | D:5      | Learned a level 5 spell: Blade Hands
  6207 | D:5      | Noticed Menkaure
  6212 | D:5      | Killed Menkaure
  6212 | D:5      | Gained mutation: You regenerate magic rapidly. [demonic ancestry]
  6212 | D:5      | Reached XP level 8. HP: 56/57 MP: 15/15
  6408 | D:5      | Gained mutation: You are dopey. (Int -2) [potion of mutation]
  6408 | D:5      | Gained mutation: You occasionally shout uncontrollably at your foes. [potion of mutation]
  6408 | D:5      | Gained mutation: You are somewhat resistant to further mutation. [potion of mutation]
  6445 | D:5      | Reached skill level 5 in Unarmed Combat
  6487 | D:5      | Found a deep blue altar of Sif Muna.
  6536 | D:5      | Found a white marble altar of Elyvilon.
  6548 | D:5      | Reached skill level 5 in Transmutations
  6618 | D:5      | Reached skill level 5 in Spellcasting
  6960 | D:5      | Gained mutation: You are resistant to hostile enchantments. (MR+) [mutagenic meat]
  6961 | D:5      | Gained mutation: You have a pair of small antennae on your head. [mutagenic meat]
  6963 | D:5      | Gained mutation: You are agile. (Dex +2) [mutagenic meat]
  6964 | D:5      | Gained mutation: You sometimes yell uncontrollably at your foes. [mutagenic meat]
  7173 | D:6      | Found a basalt altar of Yredelemnul.
  7192 | D:6      | Reached skill level 1 in Armour
  7296 | D:6      | Reached XP level 9. HP: 30/63 MP: 15/17
  7304 | D:6      | Lost mutation: You sometimes yell uncontrollably at your foes. [potion of mutation]
  7820 | D:7      | Reached skill level 1 in Stealth
  7851 | D:7      | Found a staircase to the Ecumenical Temple.
  7864 | Temple   | Entered the Ecumenical Temple
  8147 | Temple   | Became a worshipper of the Wu Jian Council
  8205 | D:7      | Noticed Pikel
  8214 | D:7      | Killed Pikel
  8669 | D:7      | Found a shimmering altar of Xom.
  9080 | D:8      | Noticed Psyche
  9085 | D:8      | Killed Psyche
  9087 | D:8      | Reached * piety under Wu Jian
  9103 | D:8      | Noticed a two-headed ogre
  9113 | D:8      | Killed a two-headed ogre
  9113 | D:8      | Reached XP level 10. HP: 37/71 MP: 9/19
  9354 | D:8      | Found a snail-covered altar of Cheibriados.
 10128 | D:9      | Found a white marble altar of Elyvilon.
 10128 | D:9      | Found a glowing golden altar of the Shining One.
 10137 | D:9      | Found a hide-covered altar of Uskayaw.
 10144 | D:9      | Noticed a hand axe
 10144 | D:9      | Noticed a dagger
 10515 | D:9      | Noticed a moth of wrath
 10517 | D:9      | Found a bloodstained altar of Trog.
 10608 | D:9      | You fall through a shaft for 3 floors!
 10608 | D:12     | Noticed Nergalle
 10619 | D:12     | Killed Nergalle
 10893 | D:12     | Reached ** piety under Wu Jian
 11139 | D:12     | Noticed a cyan ugly thing
 11149 | D:12     | Killed a cyan ugly thing
 11149 | D:12     | Reached skill level 5 in Ice Magic
 11289 | D:12     | Noticed a white ugly thing
 11295 | D:12     | Killed a white ugly thing
 11304 | D:12     | Gained mutation: You are frail. (-10% HP) [mutagenic meat]
 11468 | D:12     | Noticed a cyclops
 11472 | D:12     | Reached XP level 11. HP: 70/70 MP: 18/21
 11556 | D:12     | Found Xorasass's Food Boutique.
 11601 | D:12     | Reached skill level 5 in Poison Magic
 11692 | D:12     | Noticed Josephine
 11703 | D:12     | Killed Josephine
 12034 | D:12     | Reached skill level 5 in Fighting
 12139 | D:12     | Noticed a deep elf mage
 12147 | D:12     | Killed a deep elf mage
 12166 | D:11     | Noticed Grum
 12201 | D:11     | Killed Grum
 12210 | D:11     | Noticed Urug
 12486 | D:11     | HP: 1/71 [Urug/eveningstar of draining (6)]
 12487 | D:11     | Hit by a javelin thrown by Urug

Vault maps used:
D:1:      dpeg_arrival_lava_temple_mockup
D:2:      old_standard_altar, nicolae_overflow_crystal_walls, okawaru_trees_1,
          grunt_temple_overflow_open, eino_curves_04
D:3:      lemuel_doored_altar, minivault_25
D:4:      hangedman_abyss_or_decor_lesser_grid, nemelex_dance_club_becter,
          uniq_robin, uniq_ijyb, uniq_eustachio
D:5:      wad_river_or_something, basic_altar, first_bread,
          minmay_misc_feat_pillars, led_sif_book, uniq_menkaure
D:6:      overflow_temple_1_default
D:7:      minmay_temple_entry_large_hall, xom_confusion_cloud, uniq_pikel
D:8:      nicolae_overflow_hidden_temple, david_lair_generic, uniq_psyche
D:9:      dancing_weapons_uskayaw, gammafunk_temple_overflow_elements, tgw_trog
D:11:     minmay_orc_entry_guard_dogs, serial_shops, nicolae_shop_waterfront,
          uniq_grum, uniq_urug
D:12:     serial_shops, nicolae_shop_stone, uniq_josephine, uniq_nergalle
Temple:   jpeg_temple_island

Skill      XL: |  1  2  3  4  5  6  7  8  9 10 11 |
---------------+----------------------------------+-----
Transmutations | 2 3 4 5 6 7 |  7.5
Unarmed Combat | 3 4 5 6 7 |  7.7
Spellcasting   | 3 4 5 6 7 |  7.7
Poison Magic   | 1 2 3 4 5 |  5.2
Ice Magic      | 1 2 3 4 5 |  5.5
Fighting       | 2 3 4 5 |  5.0
Dodging        | 2 3 4 |  4.1
Armour         | 1 2 3 |  3.7
Stealth        | 2 3 4 |  4.0

Action                   |  1- 3 |  4- 6 |  7- 9 | 10-12 || total
-------------------------+-------+-------+-------+-------++-------
Melee: Unarmed           |   216 |   187 |   335 |   247 ||   985
       Kick              |    13 |       |       |       ||    13
       Headbutt          |     4 |       |       |       ||     4
       Punch             |     2 |       |     4 |     5 ||    11
 Cast: Beastly Appendage |    12 |     1 |       |       ||    13
       Sticks to Snakes  |     1 |     1 |     3 |       ||     5
       Spider Form       |     1 |    16 |    14 |     3 ||    34
       Ice Form          |       |     2 |     8 |     2 ||    12
       Blade Hands       |       |       |     4 |    20 ||    24
  Use: Scroll            |     6 |     4 |    14 |     3 ||    27
       Potion            |     2 |       |     4 |     3 ||     9
 Stab: Sleeping          |     1 |     1 |       |     2 ||     4
       Distracted        |       |       |     1 |       ||     1
  Eat: Chunk             |     5 |     9 |    21 |    19 ||    54
       Fruit             |       |     3 |       |       ||     3
       Royal jelly       |       |       |     2 |     2 ||     4
       Bread ration      |       |       |     1 |     2 ||     3
Armor: Robe              |    58 |    18 |    64 |    50 ||   190
       Skin              |       |     8 |     9 |     5 ||    22
Dodge: Dodged            |   138 |   169 |   214 |   200 ||   721
